 Dungeon Crawl Stone Soup version 0.30-a0-852-g08b95dd62f (webtiles) character file.

Game seed: 5343728264502982591

70 Demosthentine the Poker (level 4, 0/34 HPs)
             Began as a Demonspawn Gladiator on Mar 4, 2023.
             Slain by a goblin
             ... wielding a +0 dagger
             ... led by Robin
              (2 damage)
             ... on level 2 of the Dungeon.
             The game lasted 00:00:58 (947 turns).

Demosthentine the Poker (Demonspawn Gladiator)       Turns: 947, Time: 00:00:59

Health: 0/34       AC:  4    Str: 16    XL:     4   Next: 4%
Magic:  4/4        EV: 13    Int:  9    God:
Gold:   113        SH:  0    Dex: 17    Spells: 3/3 levels left

rFire   . . .      SeeInvis .    a - +0 trident
rCold   . . .      Faith    .    (no shield)
rNeg    . . .      Spirit   .    b - +0 leather armour
rPois   .          Reflect  .    c - +0 helmet
rElec   .          Rampage  .    (no cloak)
rCorr   .                        (no gloves)
Will    .....                    (no boots)
Stlth   ++                       (no amulet)
HPRegen 0.25/turn                (no ring)
MPRegen 0.09/turn                (no ring)

@: brilliant, on berserk cooldown, slowed, very slow
A: thin skeletal structure 1
a: no special abilities


You were on level 2 of the Dungeon.
You visited 1 branch of the dungeon, and saw 2 of its levels.

You collected 113 gold pieces.

Inventory:

Hand Weapons
 a - a +0 trident (weapon)
Missiles
 d - 3 throwing nets (quivered)
 e - a javelin
Armour
 b - a +0 leather armour (worn)
 c - a +0 helmet (worn)
Jewellery
 h - a ring of flight
 j - a +6 ring of intelligence
Scrolls
 k - a scroll of identify {unknown}
 l - a scroll of acquirement {unknown}
Potions
 i - a potion of cancellation {unknown}


   Skills:
 + Level 2.7 Fighting
 + Level 3.2 Polearms
 - Level 1.7 Throwing
 + Level 1.4 Armour
 + Level 3.2 Dodging


You had 3 spell levels left.
You didn't know any spells.
Your spell library was empty.

Dungeon Overview and Level Annotations

Branches:
Dungeon (2/15)

Altars:


Innate Abilities, Weirdness & Mutations

You have a somewhat thin skeletal structure. (Dex +2, Stealth+)


Message History

You feel a strong urge to attack something.
You puncture Robin!
Robin is severely wounded.
Robin hits you with a +0 short sword.
* * * LOW HITPOINT WARNING * * *
The hobgoblin barely misses you.
You puncture Robin!
You kill Robin!
The hobgoblin hits you but does no damage.
The goblin barely misses you.
You have reached level 4!
You feel agile.
You closely miss the goblin. The hobgoblin hits you.
* * * LOW HITPOINT WARNING * * *
The goblin barely misses you.
You closely miss the goblin. You closely miss the goblin.
The hobgoblin hits you but does no damage.
The goblin closely misses you.
You closely miss the goblin.
You are no longer berserk.
You are exhausted.
You feel yourself slow down. The hobgoblin barely misses you.
The goblin hits you but does no damage.
A goblin comes into view. It is wielding a +0 dagger.
You barely miss the goblin. The hobgoblin misses you.
The goblin hits you but does no damage. The goblin hits you with a +0 dagger.
* * * LOW HITPOINT WARNING * * *
The hobgoblin barely misses you.
You closely miss the goblin.
A hobgoblin comes into view.
The goblin hits you with a +0 dagger.
* * * LOW HITPOINT WARNING * * *
It was a potion of brilliance.
You feel clever all of a sudden. The hobgoblin barely misses you.
The goblin hits you with a +0 dagger.
* * * LOW HITPOINT WARNING * * *
The goblin closely misses you. The hobgoblin misses you.
The goblin hits you with a +0 dagger.
You die...

####.# ##....# .....# ...g.
.g.# .g######### #)##g@gg).#
####.#.##g####.## ########
........>gK###...####.......
#####.#.#####.#...........##
#.#.######.#.####.###.## #
#..........# #.# #...
##########.# #.# ####
#######.####.######
.......>...........


You could see 2 hobgoblins, 3 goblins and a kobold.

Vanquished Creatures
  Robin (D:2)
  An adder (D:2)
  A gnoll (D:1)
  3 dart slugs (D:1)
  2 giant cockroaches (D:2)
  2 hobgoblins
  5 jackals (D:1)
  3 ball pythons
  6 frilled lizards
  7 goblins
  A kobold (D:1)
  4 rats
36 creatures vanquished.

Notes
Turn   | Place    | Note
-------+----------+-------------------------------------------
     0 | D:1      | Demosthentine the Demonspawn Gladiator began the quest for
                  | the Orb.
     0 | D:1      | Reached XP level 1. HP: 16/16 MP: 1/1
   134 | D:1      | Gained mutation: You have a somewhat thin skeletal
                  | structure. (Dex +2, Stealth+) [demonic ancestry]
   134 | D:1      | Reached XP level 2. HP: 22/22 MP: 2/2
   212 | D:1      | Reached skill level 1 in Armour
   216 | D:1      | Reached XP level 3. HP: 28/28 MP: 3/3
   568 | D:1      | Found a faded altar of an unknown god.
   711 | D:2      | Identified the +6 whip "Qakkog" {heavy, Str+5 Int+2}
   913 | D:2      | Noticed Robin
   940 | D:2      | Killed Robin
   941 | D:2      | Reached XP level 4. HP: 12/34 MP: 4/4
   947 | D:2      | Slain by a goblin

Illustrated notes

Levels and vault maps discovered:
D:1:      minmay_arrival_up_and_down, layout_loops_ring,
          shapermc_ecumenical_altar_pompeii
D:2:      layout_loops_ring, hangedman_decor_points, uniq_robin

Skill      XL: |  1  2 |
---------------+-------+-----
Dodging        | 3 |  3.2
Polearms       | 3 |  3.2
Armour         | 1 |  1.4
Fighting       | |  2.7
Throwing       | |  1.7

Action                     |  1- 3 |  4- 6 || total
---------------------------+-------+-------++-------
  Melee: Trident           |   105 |     6 ||   111
         Punch             |     2 |       ||     2
    Use: Potion            |     1 |     1 ||     2
   Stab: Sleeping          |     6 |       ||     6
 Armour: Leather armour    |    31 |     3 ||    34
  Dodge: Dodged            |    65 |     8 ||    73

Table legend: (Time is in decaauts)
 A = Elapsed time spent in this place.
 B = Non-inter-level travel time spent in this place.
 C = Inter-level travel time spent in this place.
 D = Time resting spent in this place.
 E = Time spent auto-exploring this place.
 F = Levels seen in this place.
 G = Mean time per level.
                   A        B        C        D        E       F      G
               +--------+--------+--------+--------+--------+-----+--------+
         Total |    958 |    955 |      3 |      0 |    714 |   2 |  479.0 |
       Dungeon |    958 |    955 |      3 |      0 |    714 |   2 |  479.0 |
               +--------+--------+--------+--------+--------+-----+--------+

Top non-repeatable levels by time:
     D:1: 614 daAuts
     D:2: 344 daAuts
